 Dungeon Crawl Stone Soup version 0.30-a0-782-ge64f9170bb (webtiles) character file.

Game seed: 2086946416621370261

56 Anon1729 the Sneak (level 3, -1/26 HPs)
             Began as an Octopode Monk on Feb 19, 2023.
             Shot with a sling bullet by a goblin (7 damage)
             ... led by Robin
             ... on level 2 of the Dungeon.
             The game lasted 00:03:24 (1062 turns).

Anon1729 the Sneak (Octopode Monk)                  Turns: 1062, Time: 00:03:25

Health: -1/26      AC:  1    Str:  8 (10) XL:     3   Next: 95%
Magic:  4/4        EV: 10    Int: 12 (14) God:
Gold:   95         SH:  0    Dex: 11 (14) Spells: 3/3 levels left

rFire   . . .      SeeInvis .      - Unarmed
rCold   . . .      Faith    +    (no shield)
rNeg    . . .      Spirit   .    (helmet restricted)
rPois   .          Reflect  .    f - amulet of faith
rElec   .          Harm     .    (no ring)
rCorr   .          Rampage  .    (no ring)
Will    .....                    (no ring)
Stlth   +++                      (no ring)
HPRegen 0.24/turn                (no ring)
MPRegen 0.09/turn                (no ring)
                                 (no ring)
                                 (no ring)

@: constricted
A: almost no armour, amphibious, 8 rings, camouflage 1, gelatinous body 1,
(nimble swimmer 1), tentacles
a: no special abilities


You were on level 2 of the Dungeon.
You visited 1 branch of the dungeon, and saw 2 of its levels.

You collected 95 gold pieces.

Inventory:

Hand Weapons
 c - a +0 short sword
Armour
 g - an orb of wrath
Jewellery
 f - an amulet of faith (around mantle)
Scrolls
 b - 6 scrolls of identify {unknown}
 i - 2 scrolls of immolation {unknown}
 l - a scroll of teleportation {unknown}
 m - a scroll of vulnerability {unknown}
Potions
 a - a potion of ambrosia
 d - a potion of brilliance {unknown}
 e - a potion of heal wounds {unknown}
 h - a potion of degeneration
 j - a potion of invisibility {unknown}
 k - 2 potions of curing {unknown}


   Skills:
 + Level 3.2 Fighting
 + Level 3.2 Dodging
 * Level 4.0 Stealth
 + Level 3.2 Unarmed Combat
 + Level 0.7 Spellcasting
 + Level 1.0 Summonings


You had 3 spell levels left.
You didn't know any spells.
Your spell library contained the following spells:

 Spells                   Type           Power      Damage    Failure   Level
 Call Canine Familiar     Summ           2%         N/A       52%         3
 Portal Projectile        Hex/Tloc       0%         N/A       67%         3
 Leda's Liquefaction      Hex/Erth       0%         N/A       97%         4


Dungeon Overview and Level Annotations

Branches:
Dungeon (2/15)

Altars:

Annotations:
D:2 exclusion: jelly, Robin


Innate Abilities, Weirdness & Mutations

You cannot wear most types of armour.
You are amphibious.
You can wear up to eight rings at the same time.
Your skin changes colour to match your surroundings (Stealth+).
Your rubbery body absorbs attacks. (AC +1, EV +1)
((You are camouflaged when in or above water. (Stealth+)))
You have tentacles for arms and can constrict up to eight enemies at once.


Message History

The endoplasm quivers.
Robin roars a battlecry!
The hobgoblin goes into a battle-frenzy!
The goblin shoots a sling bullet.
The sling bullet hits you.
The hobgoblin shouts!
You hear a shout!
The goblin shoots a sling bullet.
The sling bullet hits you!
The goblin shoots a sling bullet.
The sling bullet barely misses you.
A goblin comes into view. It is wielding a +0 whip.
A hobgoblin comes into view.
A goblin comes into view. It is wielding a +0 dagger.
The hobgoblin shouts!
The goblin shouts!
The ball python hisses angrily.
Robin roars a battlecry!
The goblins go into a battle-frenzy!
You hear a shout! x4
Robin roars a battlecry!
The goblin goes into a battle-frenzy!
You tentacle-slap the ball python but do no damage.
Your grab misses the ball python. The ball python closely misses you. x2
You barely miss the ball python. Your grab misses the ball python.
Your squeeze misses the ball python. The ball python barely misses you.
The ball python grabs you. The ball python constricts you.
A goblin comes into view. It is wielding a +0 dagger.
You escape the ball python's grasp.
Robin throws the goblin at you!
A goblin comes into view. It is wielding a +0 dagger.
The goblin attacks as you move away!
The goblin unwields a +0 sling.
The goblin wields a +0 club.
The goblin hits you with a +0 club.
The hobgoblin no longer looks unusually strong.
The goblin unwields a +0 club.
The goblin wields a +0 sling.
The goblin shoots a sling bullet.
The sling bullet misses you.
The goblin shoots a sling bullet.
The sling bullet closely misses you. Robin throws the goblin at you!
* * * LOW HITPOINT WARNING * * *
It was a potion of degeneration.
There was something very wrong with that liquid.
You feel weakened.
You feel dopey.
You feel clumsy. The ball python misses you. The ball python grabs you.
The ball python constricts you.
* * * LOW HITPOINT WARNING * * *
The goblin shoots a sling bullet.
The sling bullet hits you!
You die...

....#
##.####.####......##†....
..#.#
#..##..##...####.##.....
..#.# #..#..##..###
#.#######
..g.######....#...## #.#
###.J....g.g....### #.#
#gg.#####......## #..
..### ##..#.g..## #..
.######..##.##..########
..
......g.gg.g...#@g......
###.....###.#..S........
...÷....#[..#...#######...
........#.#÷###g..........
...#####÷......##.#####...
...# #.###.#.#.#.# ...#
#...#...#...# ...#
###.#.###.### ...#
#..#....#


You could see Robin, a hobgoblin (strong), 3 goblins and a ball python.

Vanquished Creatures
  A gnoll (D:1)
  2 worms (D:2)
  4 ball pythons (D:2)
  3 endoplasms
  A giant cockroach (D:1)
  2 goblins (D:1)
  7 hobgoblins
  4 kobolds
  2 quokkas (D:2)
  8 bats
  A rat (D:2)
35 creatures vanquished.

Notes
Turn   | Place    | Note
-------+----------+-------------------------------------------
     0 | D:1      | Anon1729 the Octopode Monk began the quest for the Orb.
     0 | D:1      | Reached XP level 1. HP: 16/16 MP: 1/1
   153 | D:1      | Reached skill level 3 in Stealth
   153 | D:1      | Reached XP level 2. HP: 16/21 MP: 2/2
   421 | D:1      | Reached XP level 3. HP: 26/26 MP: 3/3
   849 | D:2      | Reached skill level 1 in Summonings
   895 | D:2      | Reached skill level 4 in Stealth
  1038 | D:2      | Noticed Robin
  1062 | D:2      | Shot with a sling bullet by a goblin

Illustrated notes

Levels and vault maps discovered:
D:1:      dpeg_arrival_yet_another_circle, layout_rooms, minmay_small_reverse_x
D:2:      layout_rooms, basic_altar, minmay_pentomino_v4, uniq_robin

Skill      XL: |  1  2  3 |
---------------+----------+-----
Stealth        | 3 4 |  4.0
Summonings     | 1 |  1.0
Fighting       | |  3.2
Dodging        | |  3.2
Unarmed Combat | |  3.2
Spellcasting   | |  0.7

Action                     || total
---------------------------++-------
  Melee: Unarmed           ||    65
         Constrict         ||    21
         Tentacles         ||    16
         Punch             ||     4
    Use: Potion            ||     1
   Stab: Sleeping          ||     9
 Armour: Skin              ||    10
  Dodge: Dodged            ||    61

Table legend: (Time is in decaauts)
 A = Elapsed time spent in this place.
 B = Non-inter-level travel time spent in this place.
 C = Inter-level travel time spent in this place.
 D = Time resting spent in this place.
 E = Time spent auto-exploring this place.
 F = Levels seen in this place.
 G = Mean time per level.
                   A        B        C        D        E       F      G
               +--------+--------+--------+--------+--------+-----+--------+
         Total |   1062 |   1051 |     11 |     38 |    672 |   2 |  531.0 |
       Dungeon |   1062 |   1051 |     11 |     38 |    672 |   2 |  531.0 |
               +--------+--------+--------+--------+--------+-----+--------+

Top non-repeatable levels by time:
     D:1: 616 daAuts
     D:2: 445 daAuts
